[Event "Karel Janecek Open 2024"]
[Site "Prague"]
[Date "2024.03.01"]
[Round "3.5"]
[White "Kourkoulos-Arditis, Stamatis"]
[Black "Shagbazyan, Taron"]
[Result "1/2-1/2"]
[ECO "A11"]
[WhiteElo "2547"]
[BlackElo "2403"]
[Annotator "TA"]
[PlyCount "81"]
[EventDate "2024.02.22"]
[EventType "swiss"]
[EventCountry "CZE"]
[SourceTitle "playchess.com"]
[Source "ChessBase"]
[SourceQuality "1"]
[TimeControl "40/5400+30:1800+30"]

1. Nf3 Nf6 2. g3 d5 3. Bg2 c6 4. O-O Bf5 5. c4 e6 6. Qb3 Qb6 7. d3 Nbd7 8. cxd5 cxd5 (8... Qxb3 $11 9. axb3 exd5) 9. Qxb6 $14 {[%emt 0:04:07] White is slightly better.} Nxb6 10. Bf4 Bc5 11. Rc1 Rc8 12. Nbd2 {[%emt 0:06:31] Threatens to win with Nb3.} Ke7 $1 13. Nb3 Bd6 14. Be3 Rxc1+ 15. Rxc1 e5 $1 {[%emt 0:04:29] Against Nfd4} 16. Bc5 Nfd7 17. Bxd6+ Kxd6 18. e4 Bg6 19. Na5 Rb8 20. exd5 (20. Nh4 {simplifies} Nc5 21. Rd1 Ne6 22. Nxg6 hxg6 23. exd5 Nd4 24. h4) 20... Bxd3 21. Ng5 Bg6 22. h4 h6 23. h5 hxg5 24. hxg6 fxg6 25. Be4 Nf6 26. Bxg6 e4 27. Re1 Kxd5 28. Rd1+ Ke5 29. Rc1 Rc8 30. Rxc8 Nxc8 31. Nxb7 Nd6 32. Nxd6 Kxd6 $11 {[%emt 0:00:03][%mdl 4096] Endgame. KB-KN} 33. Kf1 Ke5 34. Ke2 Kd4 35. Bf7 Ng4 36. Be6 Ne5 {[%emt 0:00:09] ...Nd3 is the strong threat.} 37. b4 Nd3 38. a3 Nc1+ 39. Kd2 (39. Kd1 $5 Nd3 $8 40. Ke2 $11) 39... Nd3 40. Ke2 Nc1+ 41. Kf1 {[%emt 0:06:50] Weighted Error Value: White=0.06 (flawless) /Black=0.07 (flawless) .  Mistake:       	White=1     	Black=1      Inaccurate:     	White=2     	Black=3      OK:         	White=14    	Black=14     Best:        	White=2     	Black=2      Strong:       	---       	Black=2} (41. Kd2 $11 Nd3 42. Ke2) 1/2-1/2

[Event "Karel Janecek Open 2024"]
[Site "Prague"]
[Date "2024.03.01"]
[Round "3.6"]
[White "Svanda, Ondrej"]
[Black "Heberla, Bartlomiej"]
[Result "1/2-1/2"]
[ECO "C78"]
[WhiteElo "2369"]
[BlackElo "2546"]
[Annotator "TA"]
[PlyCount "64"]
[EventDate "2024.02.22"]
[EventType "swiss"]
[EventCountry "CZE"]
[SourceTitle "playchess.com"]
[Source "ChessBase"]
[SourceQuality "1"]
[TimeControl "40/5400+30:1800+30"]

1. e4 e5 2. Nf3 Nc6 3. Bb5 a6 4. Ba4 Nf6 5. O-O Bc5 6. c3 b5 7. Bb3 d6 8. a4 Bg4 9. h3 Bxf3 10. Qxf3 Na5 11. Bc2 {[%emt 0:02:55] [#] And now b4 would win.} b4 12. d3 Rb8 13. Be3 bxc3 14. bxc3 Rb2 {[%emt 0:20:54] ...Bxe3 would now be deadly.} 15. Na3 (15. Bxc5 $11 dxc5 16. Na3) 15... O-O (15... Bxa3 $15 16. Rxa3 Rxc2) 16. Bxc5 $11 dxc5 17. Rfb1 Rb6 18. Rd1 Qd6 19. Qe3 Qe7 20. d4 cxd4 21. cxd4 exd4 22. Qxd4 Re8 23. Qc3 Nc6 {[%emt 0:00:05] [#]} (23... Qe5 $11 24. Qxe5 Rxe5) 24. Nc4 ({White should try} 24. a5 $1 $16 Qb4 25. Nb1 Qxc3 26. Nxc3) 24... Qc5 25. Rac1 Rb4 (25... Rbb8 $11 {might be stronger.}) 26. Bb1 ({White should play} 26. Bd3 $1 $14) 26... Rxa4 27. Ne3 Qxc3 28. Rxc3 Nd4 {[%emt 0:00:59] Threatens to win with ...Ne2+.} 29. Rxc7 Nb5 {[%emt 0:00:26] Excellent horsemanship.} 30. Rc6 Nd4 {[%emt 0:00:02] Prevents Bc2} 31. Rc7 Nb5 32. Rc6 Nd4 {[%emt 0:00:33] Repels Bc2.   Weighted Error Value: White=0.15 (very precise) /Black=0.16 (very precise) .  Mistake:       	White=3     	Black=3      Inaccurate:     	White=1     	Black=2      OK:         	White=11    	Black=8      Best:        	---       	Black=1} 1/2-1/2

[Event "Karel Janecek Open 2024"]
[Site "Prague"]
[Date "2024.03.01"]
[Round "3.7"]
[White "Bharath Subramaniyam H"]
[Black "Abdilkhair, Abilmansur"]
[Result "1-0"]
[ECO "B12"]
[WhiteElo "2515"]
[BlackElo "2357"]
[Annotator "TA"]
[PlyCount "119"]
[EventDate "2024.02.22"]
[EventType "swiss"]
[EventCountry "CZE"]
[SourceTitle "playchess.com"]
[Source "ChessBase"]
[SourceQuality "1"]
[TimeControl "40/5400+30:1800+30"]

1. e4 c6 2. d4 d5 3. e5 c5 4. dxc5 Nc6 5. f4 e6 6. Be3 d4 7. Bf2 Bxc5 8. Nd2 {[%emt 0:01:03] White is slightly better.} Nge7 9. a3 Nd5 10. Qf3 Ne3 (10... O-O $14) 11. Bd3 $1 $16 Qa5 {[%emt 0:00:11] [#]} (11... g5 $1 $14) 12. Rb1 $1 Bb6 13. Ne2 Bd7 (13... O-O $16) 14. c3 Ne7 (14... Qa4 $142 15. Ne4 Nf5) 15. Nxd4 ({Only move:} 15. cxd4 $18 N3d5 16. b4) 15... Bxd4 16. Bxe3 Bxe3 17. Qxe3 O-O 18. O-O Bc6 19. Nc4 $40 {[%emt 0:05:32][%mdl 128] White has strong attack. White is more active.} Qa4 (19... Qd5 $16 20. Qh3 h6) 20. Nd6 $18 Rad8 21. c4 Nc8 22. Rbd1 Nxd6 23. exd6 Rxd6 {[#]} 24. Bxh7+ $1 Kxh7 25. Rxd6 Qxc4 26. Rd4 Qc2 27. Rd2 Qa4 28. Rfd1 Qa5 29. b4 Qf5 30. Qf2 Bd5 31. Rc1 a6 32. h3 Bc6 33. Rc5 Bd5 34. Rdc2 Qf6 {[%emt 0:01:22] Wards off Qh4+} 35. Rc8 Rxc8 36. Rxc8 {[%emt 0:00:02][%mdl 4096] Endgame. KQR-KQB} Bc6 37. Qc2+ g6 38. Qd2 e5 {[%emt 0:01:08] [#]} 39. fxe5 Qxe5 40. Qf2 Qa1+ 41. Qf1 $2 (41. Kh2 $18 {Threatening mate with Qh4+.} Qe5+ 42. Qg3) 41... Qd4+ $11 42. Qf2 $2 (42. Kh1 $11 Qd7 43. Rxc6 bxc6 44. Qxa6) 42... Qa1+ $18 {[%emt 0:00:00] White stays focused until the end.} 43. Kh2 {[%emt 0:00:00] White threatens Qh4+ and mate.} Qe5+ 44. Qg3 Qd4 45. Ra8 Qf6 46. h4 Qd4 (46... Kg7 {keeps fighting.} 47. Rb8 Kh6) 47. Rf8 (47. h5 $142 {Strongly threatening hxg6+.} Kg7 48. hxg6 fxg6 49. Rb8) 47... Kg7 48. Rc8 Kh7 $2 {[%emt 0:00:00] [#]} (48... Qf6 49. Ra8 Kh6 50. Qe3+ Kg7) 49. h5 $1 gxh5 50. Qg8+ Kh6 51. Qxf7 {[%emt 0:00:00] Qe6+ is the strong threat.} Qe5+ 52. Kg1 Bxg2 $2 (52... Qa1+ $18 53. Qf1 Qxf1+ 54. Kxf1 Kg5) 53. Qf8+ {[%emt 0:00:00] White mates.} ({Not} 53. Kxg2 Qe2+ 54. Kg3 (54. Qf2 Qg4+ 55. Kh2 Qxc8 $11) 54... Qg4+ 55. Kh2 Qxc8 $11) 53... Kh7 54. Re8 Qd4+ 55. Kxg2 Qg4+ 56. Kf2 Qh4+ 57. Ke3 Qe1+ 58. Kd4 Qd1+ 59. Ke5 h4 60. Qh8+ {[%emt 0:00:35] Weighted Error Value: White=0.16 (very precise) /Black=0.33.  Missed win:     	White=1     	---        Mistake:       	White=3     	Black=8      Inaccurate:     	White=1     	Black=2      OK:         	White=20    	Black=12     Best:        	White=6     	Black=3      Strong:       	White=2     	---        Brilliant:      	White=2     	---} (60. Re7+ $142 Kg6 61. Qg8+ Kh6 62. Rh7#) 1-0

[Event "Karel Janecek Open 2024"]
[Site "Prague"]
[Date "2024.03.01"]
[Round "3.8"]
[White "Kusa, Jakub"]
[Black "Polak, Tomas"]
[Result "1/2-1/2"]
[ECO "A32"]
[WhiteElo "2350"]
[BlackElo "2525"]
[Annotator "TA"]
[PlyCount "22"]
[EventDate "2024.02.22"]
[EventType "swiss"]
[EventCountry "CZE"]
[SourceTitle "playchess.com"]
[Source "ChessBase"]
[SourceQuality "1"]
[TimeControl "40/5400+30:1800+30"]

1. d4 Nf6 2. Nf3 e6 3. c4 c5 4. g3 cxd4 5. Nxd4 a6 6. Bg2 Qc7 7. b3 Be7 8. Bb2 d6 9. Nc3 Nbd7 10. Rc1 {[%emt 0:02:11] White is more active.} Ne5 11. Qd2 h5 {[%emt 0:06:39] Black did not feel at home in the position after the opening.   Weighted Error Value: White=0.08 (flawless) /Black=0.23 (precise) .  Inaccurate:     	---       	Black=1      OK:         	White=1     	---} 1/2-1/2

[Event "Karel Janecek Open 2024"]
[Site "Prague"]
[Date "2024.03.01"]
[Round "3.9"]
[White "Popovic, Dusan"]
[Black "Roubalik, Jakub"]
[Result "1-0"]
[ECO "B51"]
[WhiteElo "2504"]
[BlackElo "2351"]
[Annotator "TA"]
[PlyCount "83"]
[EventDate "2024.02.22"]
[EventType "swiss"]
[EventCountry "CZE"]
[SourceTitle "playchess.com"]
[Source "ChessBase"]
[SourceQuality "1"]
[TimeControl "40/5400+30:1800+30"]

1. e4 c5 2. Nf3 Nc6 3. Bb5 d6 4. O-O Bg4 5. h3 Bh5 6. d4 cxd4 7. c3 Nf6 8. cxd4 {[%emt 0:03:41] White is slightly better.} a6 9. Bxc6+ bxc6 10. Nc3 e6 11. Qa4 Qd7 12. Nd2 $1 Bg6 13. f4 h5 $2 {[%emt 0:13:50] [#] Black cannot hold the game after this.} (13... Rb8 $16 {keeps fighting.}) 14. f5 $1 $18 exf5 15. exf5 Bh7 {[%emt 0:00:05][%cal Of8e7] [#]} (15... Bxf5 16. Rxf5 Be7 17. Rf1 $18) 16. Nc4 $1 Rb8 17. Bg5 (17. Qxa6 $6 Be7 $16) 17... Be7 18. Bxf6 (18. Qxa6 O-O $16) 18... Bxf6 (18... gxf6 19. d5 (19. Qxa6 d5 $18) 19... cxd5 20. Qxd7+ Kxd7 21. Nxd5 Bd8) 19. Rae1+ (19. Qxa6 Bxd4+ 20. Kh1 O-O $17 (20... Bxf5 $2 21. Rxf5 O-O 22. Rf4 $18)) 19... Kf8 20. d5 (20. Qxa6 Bxd4+ (20... Bxf5 21. d5 $16) 21. Kh1 Bxf5 $14) 20... Bxf5 21. dxc6 Qa7+ 22. Kh1 {[%emt 0:00:34] Active counter play!} Be6 23. Ne4 Be7 24. Nexd6 {[%emt 0:10:47] A dynamic duo of knights.} Rh6 25. Qa5 (25. Nxf7 $142 Bxf7 26. Ne5) 25... Bxc4 26. Nxc4 Bb4 27. Qd5 {[%emt 0:01:26][%cal Oc4e5] aiming for Ne5!} Bxe1 {[%emt 0:00:13] [#]} 28. Ne5 $1 $40 {[%emt 0:00:58][%mdl 128] White attacks with force.} Rf6 (28... Bf2 29. Rc1 (29. Nd7+ Kg8 $11) 29... Qe7 (29... Rxb2 30. Qd8#) 30. Nd7+ Kg8 31. Nxb8 Re6) 29. Rxe1 {[%emt 0:02:18] Strongly threatening Nd7+.} Kg8 {[%emt 0:02:58][%cal Ob8e8] Threatens to win with ...Re8!} 30. Nd7 Qf2 31. Nxf6+ gxf6 {[%emt 0:01:09][%mdl 4096] Endgame. KQR-KQR} 32. Rg1 ({Weaker is} 32. Re7 Qf1+ 33. Kh2 Qf4+ 34. Kg1 Qc1+ 35. Kh2 Qf4+ 36. Kh1 (36. Kg1 Qc1+ 37. Kh2 Qf4+ $11) 36... Qc1+ 37. Kh2 Qf4+ $11) 32... Qf4 33. Qc5 Rb5 34. Qc2 {[%emt 0:00:21] Black must now prevent c7.} Rb8 35. c7 Rc8 36. Rc1 Kg7 37. Qc3 {[%emt 0:00:44] Prevents a5.} h4 38. b4 Kg6 39. a4 {[%emt 0:00:10] And now b5 would win.} Kg7 40. b5 {[%emt 0:00:31] b6 would kill now.} Qxa4 41. b6 Qe4 42. Qc6 {[%emt 0:00:10] Weighted Error Value: White=0.34/Black=0.78.  Mistake:       	White=1     	Black=3      Inaccurate:     	White=1     	Black=3      OK:         	White=7     	Black=8      Best:        	White=6     	Black=5      Strong:       	White=3     	---        Brilliant:      	White=1     	---} 1-0

[Event "Karel Janecek Open 2024"]
[Site "Prague"]
[Date "2024.03.01"]
[Round "3.10"]
[White "Jares, Michal"]
[Black "Maksimovic, Bojan"]
[Result "1/2-1/2"]
[ECO "D73"]
[WhiteElo "2314"]
[BlackElo "2497"]
[Annotator "TA"]
[PlyCount "58"]
[EventDate "2024.02.22"]
[EventType "swiss"]
[EventCountry "CZE"]
[SourceTitle "playchess.com"]
[Source "ChessBase"]
[SourceQuality "1"]
[TimeControl "40/5400+30:1800+30"]

1. Nf3 d5 2. g3 Nf6 3. Bg2 g6 4. d4 Bg7 5. c4 dxc4 6. Qa4+ Nc6 7. Ne5 O-O 8. Nxc6 bxc6 9. Qxc6 Rb8 10. Qxc4 Be6 11. Qd3 Rb4 12. O-O Rxd4 13. Qa3 Bd5 14. Nc3 {[%emt 0:01:52] [#] aiming for Nxd5.} Bxg2 15. Kxg2 Qa8+ 16. Kg1 Ne4 17. Nxe4 Qxe4 18. Qxa7 Ra8 19. Qxc7 Rc4 20. Qd7 Qxe2 21. Be3 {[%emt 0:03:24][%cal Oa1b1] The position is equal.} Qxb2 22. Rac1 Qxa2 23. Qxe7 Rxc1 24. Rxc1 Qd5 25. Qc5 Qxc5 26. Rxc5 h5 27. Kg2 Rd8 28. Rc7 Bd4 29. Bxd4 Rxd4 {[%emt 0:00:04] An uneventful encounter.   Weighted Error Value: White=0.07 (flawless) /Black=0.04 (flawless) .  Inaccurate:     	White=2     	---        OK:         	White=10    	Black=11     Best:        	White=1     	Black=1} 1/2-1/2

[Event "Karel Janecek Open 2024"]
[Site "Prague"]
[Date "2024.03.01"]
[Round "3.11"]
[White "Quintiliano, Renato R."]
[Black "Chinguun, Sumiya"]
[Result "1-0"]
[ECO "E43"]
[WhiteElo "2493"]
[BlackElo "2319"]
[Annotator "TA"]
[PlyCount "87"]
[EventDate "2024.02.22"]
[EventType "swiss"]
[EventCountry "CZE"]
[SourceTitle "playchess.com"]
[Source "ChessBase"]
[SourceQuality "1"]
[TimeControl "40/5400+30:1800+30"]

1. d4 Nf6 2. c4 e6 3. Nc3 Bb4 4. e3 b6 5. Bd2 c5 6. a3 Ba5 {[%emt 0:01:02] [#]} 7. b4 $1 cxb4 8. Nb5 {[%emt 0:00:07] White is better.} Nc6 {[%emt 0:03:16] [#]} 9. d5 $1 {[%emt 0:05:21][%cal Bd4d5,Bd5c6][%mdl 32] White is more active.} Ne4 {[%emt 0:27:38] Wards off Nd6+. ...Nxd2 is the strong threat.} 10. dxc6 Nxd2 11. Qxd2 bxa3 12. Nc3 Qe7 13. Bd3 O-O 14. Nge2 dxc6 15. O-O e5 16. Qc2 f5 17. Qb3 Be6 18. Nb1 (18. Qxa3 $6 Qxa3 19. Rxa3 Rfd8 $11) 18... Bb4 (18... e4 19. Bc2 $16 (19. Qxa3 $2 Bb4 $19)) 19. Nxa3 a5 20. Nc3 (20. Ng3 $14) 20... b5 $11 21. Nab1 Qc5 (21... e4 $5 22. Be2 $8 Qf6 $11) 22. Qb2 Bxc4 ({Much worse is} 22... bxc4 $6 23. Be2 $16) (22... Rad8 $11 23. Be2 Bxc4 (23... bxc4 24. Na4 $16)) 23. Bxc4+ (23. Na4 {is more complex.} bxa4 24. Rc1 Bxd3 25. Rxc5 Bxc5 26. Qc3) 23... Qxc4 24. Na2 {[%emt 0:00:41][%cal Of1c1] White is weak on the dark squares} Be7 {[%emt 0:00:23][%mdl 1024] Black has compensation.} 25. Nd2 Qe6 26. Rac1 (26. e4 $15) 26... a4 27. Nf3 (27. e4 $17) 27... Rfe8 $2 (27... c5 $1 $19 {Threatens to win with ...e4.} 28. Qxe5 Qxe5 29. Nxe5 b4) 28. Nxe5 $2 ({White should try} 28. Ra1 $15) 28... a3 $1 $19 29. Qa1 c5 30. Nd3 Rec8 31. Nf4 Qf7 32. Rcd1 Bf6 33. Qb1 b4 {[%emt 0:00:39] aiming for ...b3.} 34. Nd5 Bb2 {[%emt 0:01:06] White must now prevent ...b3.} 35. Qc2 (35. Nb6 $17 b3 36. Nxc8 Rxc8 37. Nc1) 35... Rab8 $1 36. Qc4 {[%emt 0:00:11] [#]} Kf8 {[%emt 0:01:14] Dodges Ne7} ({Better is} 36... b3 $1 $19 37. Nc1 (37. Ne7+ $2 Kf8 $19) 37... Bxc1 38. Qxc1 b2) 37. Rd3 Qe6 (37... Kg8 38. Ne7+ Kf8 39. Qxf7+ Kxf7 40. Nxc8 Rxc8 41. Rb3 $14) (37... Qe8 $5) 38. f3 {[%emt 0:00:39][%cal Bf2f3,Bf3e4][%mdl 32] Prevents Qe4} Rc6 (38... Be5 $11) 39. e4 (39. Nc1 $16) 39... fxe4 $2 (39... Qc8 $11 {and Black has nothing to worry.} 40. Rfd1 Qa6) 40. fxe4+ $18 {[%emt 0:00:13] White is clearly winning.} Kg8 {[%emt 0:00:06] [#]} 41. Naxb4 $1 Rd6 42. Qxc5 Qe5 43. Nc6 Rxc6 44. Ne7+ {[%emt 0:01:47] Weighted Error Value: White=0.25 (precise) /Black=0.33.  Loses game:     	---       	Black=1      Missed win:     	---       	Black=1      Mistake:       	White=6     	Black=3      Inaccurate:     	White=7     	Black=3      OK:         	White=17    	Black=18     Best:        	White=1     	Black=3      Strong:       	---       	Black=2      Brilliant:      	White=1     	---} 1-0

[Event "Karel Janecek Open 2024"]
[Site "Prague"]
[Date "2024.03.01"]
[Round "3.12"]
[White "Mis, Mieszko"]
[Black "Barbosa, Evandro Amorim"]
[Result "0-1"]
[ECO "E62"]
[WhiteElo "2301"]
[BlackElo "2491"]
[Annotator "RC"]
[PlyCount "82"]
[EventDate "2024.02.22"]
[EventType "swiss"]
[EventCountry "CZE"]
[SourceTitle "playchess.com"]
[Source "ChessBase"]
[SourceQuality "1"]
[TimeControl "40/5400+30:1800+30"]

1. d4 Nf6 2. c4 g6 3. Nc3 Bg7 4. g3 O-O 5. Bg2 d6 6. Nf3 c6 7. O-O Bf5 8. Ne1 e5 9. d5 cxd5 10. cxd5 a5 11. e4 Bd7 12. a4 Na6 13. Nd3 Nb4 14. f3 Qb6+ 15. Nf2 Nh5 16. Qe2 f5 17. Kh1 f4 18. g4 Nf6 19. Rd1 g5 20. Bd2 Nc2 21. Bxf4 exf4 22. Qxc2 h5 23. h3 hxg4 24. hxg4 Rae8 25. Bh3 Nh7 26. Bf1 Re7 27. Ra3 Rc8 28. Kg2 Nf8 29. Nh3 Ng6 30. Rb3 Qa7 31. Qe2 Bf6 32. Nf2 Nh4+ 33. Kg1 Bd4 34. Bg2 Rh7 35. Bh1 Nf5 36. Bg2 Ng3 37. Qe1 Be3 38. e5 dxe5 39. d6 Nh1 40. Nce4 Nxf2 41. Nxf2 Rc2 0-1

[Event "Karel Janecek Open 2024"]
[Site "Prague"]
[Date "2024.03.01"]
[Round "3.13"]
[White "Balabayeva, Xeniya"]
[Black "Stoyanov, Tsvetan"]
[Result "0-1"]
[ECO "B92"]
[WhiteElo "2282"]
[BlackElo "2465"]
[Annotator "TA"]
[PlyCount "120"]
[EventDate "2024.02.22"]
[EventType "swiss"]
[EventCountry "CZE"]
[SourceTitle "playchess.com"]
[Source "ChessBase"]
[SourceQuality "1"]
[TimeControl "40/5400+30:1800+30"]

1. e4 c5 2. Nf3 d6 3. d4 cxd4 4. Nxd4 Nf6 5. Nc3 a6 6. Be2 e5 7. Nb3 Be7 8. O-O O-O 9. Kh1 b5 10. a4 b4 {[%emt 0:00:14] 10...b4 scores better than 10...Bb7. B92: Sicilian Najdorf: 6 Be2.} 11. Nd5 Nxd5 12. Qxd5 Ra7 13. Be3 Be6 14. Qd3 Rd7 15. Bf3 Qc7 16. Rfd1 Rc8 $146 ({Predecessor:} 16... Rfd8 17. a5 Qc6 18. Rac1 d5 19. exd5 Bxd5 20. Bxd5 Rxd5 21. Qe2 Qc4 22. Qxc4 Rxd1+ {½-½ Goloshchapov,A (2455)-Tihonov,J (2460) Wch U18 Menorca 1996 (3)}) 17. Rac1 Qc6 18. a5 Rb7 19. Be2 Qa4 20. Bb6 Rd7 21. Bf3 Bg5 22. Nd2 Qa2 23. Rb1 Bd8 24. Nb3 Qa4 25. Rbc1 Qc6 26. Be3 Qb7 27. h3 Nc6 28. Bg4 Nb8 (28... Bxa5 $2 29. Bxe6 fxe6 30. Nc5 dxc5 31. Qxd7 Qxd7 32. Rxd7 $18) 29. f3 Be7 30. Bb6 Bg5 31. Be3 (31. Bxe6 $5 fxe6 32. Rb1 $11) 31... Bxe3 32. Qxe3 Rc4 33. Rd2 Qc7 34. Bxe6 fxe6 35. Qb6 Qxb6 36. axb6 Rc6 37. b7 Kf7 (37... Rxb7 $2 38. Na5 Rd7 39. Nxc6 Nxc6 40. Rcd1 $18) 38. Na5 Rc5 39. Ra1 Ke7 40. b3 d5 41. Re2 $1 Kf6 42. Rd2 Rdc7 43. f4 $1 exf4 44. Rd4 Ke5 (44... Rxc2 45. exd5 (45. Rxb4 $2 {loses.} Rc1+ 46. Rxc1 Rxc1+ 47. Kh2 Rc5 $19) 45... f3 46. gxf3 exd5 47. Rf4+ (47. Rxd5 Rf2 $14) (47. Rxb4 Rd2 $11) 47... Kg5 48. Rxb4 $14 (48. Rf8 Re2 $11)) 45. Rxb4 Rxc2 46. exd5 {[%emt 0:05:26] [#]} Rc1+ $1 47. Rxc1 Rxc1+ 48. Kh2 exd5 49. Rb6 {[%emt 0:00:11] [#]} (49. h4 $15) 49... Rc5 $1 $17 50. b4 Rb5 51. Rc6 $2 (51. Rxb5 $17 {nothing else works.} axb5 52. Nb3) 51... Rxb7 $19 ({Avoid the trap} 51... Rxb4 $2 52. Rc8 $18) 52. Rxa6 (52. Rc8 $142 Rxb4 53. h4) 52... Nxa6 $19 53. Nxb7 Nxb4 54. Kg1 d4 55. Kf2 Kd5 56. Ke2 Nc6 57. Kd2 g5 58. Ke2 h5 59. Kd2 Ne5 60. Nd8 d3 0-1

[Event "Karel Janecek Open 2024"]
[Site "Prague"]
[Date "2024.03.01"]
[Round "3.14"]
[White "Simacek, Pavel"]
[Black "Senthil Maran K"]
[Result "0-1"]
[ECO "E32"]
[WhiteElo "2456"]
[BlackElo "2275"]
[Annotator "TA"]
[PlyCount "112"]
[EventDate "2024.02.22"]
[EventType "swiss"]
[EventCountry "CZE"]
[SourceTitle "playchess.com"]
[Source "ChessBase"]
[SourceQuality "1"]
[TimeControl "40/5400+30:1800+30"]

1. d4 Nf6 2. c4 e6 3. Nc3 Bb4 4. Qc2 O-O 5. e4 d5 6. e5 Ne4 7. Bd3 c5 8. Nge2 cxd4 9. Nxd4 Nd7 10. Bf4 Qh4 11. g3 Qh5 12. h4 Nxe5 13. Be2 Ng4 14. Bxg4 Qxg4 15. f3 Qg6 16. fxe4 e5 {[%emt 0:01:13] [#]} 17. O-O-O (17. Bxe5 $1 $16 Re8 18. h5) 17... Bxc3 $11 (17... exd4 $2 18. Nxd5 Bc5 19. h5 $18) 18. Bxe5 (18. Qxc3 $11 exd4 (18... exf4 19. exd5 fxg3 20. Rdg1 $11) 19. Qxd4) 18... Bxd4 $15 (18... Qxe4 $2 19. Qxe4 Bxb2+ 20. Kxb2 $18) 19. Rxd4 dxc4 20. h5 Qe6 21. Bf4 h6 22. g4 Qa6 (22... Qxg4 23. Qf2 $16) (22... Qf6 $15 23. e5 Qc6) 23. Kb1 (23. g5 $11 Qxa2 24. gxh6) 23... Bxg4 24. Rd6 ({White should try} 24. Rg1 $1 $15 Qb6 (24... Bxh5 25. Rd6 $14) 25. Be5) 24... Qa5 (24... Qb5 $17 {[%cal Of8d8] And now ...Rfd8! would win.} 25. Rg1 Qxh5) 25. Qg2 $15 f5 (25... Bxh5 $2 26. Rxh6 Rad8 27. R6xh5 $18 (27. R1xh5 Qxh5 28. Rxh5 f6 $18) (27. R1xh5 Qxh5 28. Rxh5 f6 $18)) 26. Bxh6 gxh6 27. Rd5 $2 (27. Rg6+ $1 $11 {and White stays safe.} Kh7 28. Qg3) 27... Qb4 $19 28. exf5 c3 29. a3 Qf4 30. Rg1 c2+ $1 31. Kxc2 Rac8+ 32. Kb1 Rc4 $1 33. Ka2 Kh8 (33... Rxf5 34. Rd8+ (34. Qxg4+ Qxg4 35. Rxg4+ Rxg4 $17) 34... Kf7 35. Qxb7+ Rc7 36. Rd7+ Rxd7 37. Qxd7+ Kf8 38. Qd8+ Kf7 39. Qd7+ Kf8 40. Qd8+ Kf7 41. Qd7+ $11) 34. Rd7 Qxf5 (34... Bxf5 35. Qg7#) 35. Rxb7 Qe6 (35... Qxh5 36. Rh1 Qg5 37. Qd5) 36. Ka1 (36. b3 $142 Rcf4 37. Qb2+ Qf6 38. Qxf6+ R8xf6 39. Rb8+ Kg7 40. a4) 36... Qe3 (36... Bxh5 37. Qg7#) 37. Ka2 Qe6 (37... Bxh5 38. Qg7#) 38. Ka1 $1 Re4 (38... Bxh5 39. Qg7#) (38... Qc8 $142 39. Qd5 Rc1+ 40. Rxc1 Qxc1+ 41. Ka2 Qe3) 39. Qd2 $19 Re8 ({Worse is} 39... Bxh5 40. Re7 (40. Rxa7 $2 {is the wrong capture.} Bf7 $19) 40... Qb6 (40... Qxe7 41. Qxh6+ Qh7 42. Qxf8+) 41. Qc3+ Rd4 42. Rgg7 $11) 40. Rc1 Bxh5 41. Qc3+ Qe5 42. Qc6 Qg5 43. Qc3+ Kg8 ({Don't do} 43... Qe5 44. Qd2 Re3 45. Rxa7 $19) 44. Qb3+ {[%emt 0:00:42] [#]} R4e6 $1 45. Rcc7 Bg6 46. Ka2 Qg1 47. Qc4 (47. Rg7+ $142 Kh8 48. Qd3 Bxd3 49. Rxg1) 47... Qb1+ $19 48. Kb3 Qd3+ $2 (48... Qd1+ 49. Kb4 a5+ 50. Kxa5 Qd2+ 51. Ka4 Ra8+ 52. Ra7 Rxa7+ 53. Rxa7 Be8+ 54. Kb3 Qe3+ 55. Kb4 Bf7 56. Rxf7 Kxf7) 49. Qxd3 $19 Bxd3 50. Rxa7 h5 51. Ra5 Rh6 52. Rg5+ Kh8 53. Rc3 Rd8 54. Rg3 Bf5 55. Rcf3 h4 (55... Rb6+ $142 56. Kc4 Rc6+ 57. Kb5 Bd7) 56. Rg1 $19 Rd3+ 0-1